 Dungeon Crawl Stone Soup version 0.30-a0-141-g30f27751c5 (webtiles) character file.

Game seed: 13496979162432701180

480 Colgate the Insei (level 7, 0/43 HPs)
             Began as an Octopode Transmuter on Sept 25, 2022.
             Was a Follower of Dithmenos.
             Succumbed to a scorpion's poison
             ... on level 5 of the Dungeon on Sept 26, 2022.
             The game lasted 00:19:24 (6138 turns).

Colgate the Insei (Octopode Transmuter)             Turns: 6138, Time: 00:19:24

Health: 0/43       AC:  2    Str:  9    XL:     7   Next: 11%
Magic:  5/10       EV: 20    Int: 18    God:    Dithmenos [*.....]
Gold:   185        SH:  0    Dex: 29    Spells: 4/10 levels left

rFire   . . .      SeeInvis .      - Unarmed
rCold   . . .      Faith    .    (shield currently unavailable)
rNeg    + . .      Spirit   .    (helmet currently unavailable)
rPois   x          Reflect  .    (no amulet)
rElec   .          Harm     .    l - ring of positive energy
rCorr   +          Rampage  .    s - +6 ring of dexterity
Will    .....                    u - +6 ring of dexterity
Stlth   ++++......               v - ring of resist corrosion
HPRegen 0.14/turn                (no ring)
MPRegen 0.12/turn                (no ring)
                                 (no ring)
                                 (no ring)

@: lethally poisoned (0 -> -6), spider-form (expiring), wreathed by umbra
A: venomous fangs, almost no armour, (amphibious), 8 rings, tiny, (camouflage
1), (gelatinous body 1), (nimble swimmer 1), (tentacles)
a: End Transformation, Renounce Religion


You were on level 5 of the Dungeon.
You worshipped Dithmenos.
Dithmenos was aware of your devotion.
You were a venomous arachnid creature.
You visited 2 branches of the dungeon, and saw 6 of its levels.

You collected 185 gold pieces.

Inventory:

Hand Weapons
 g - the +9 mace "Tedaan" {vorpal, Will+ Str+4}
   (You took it off a hobgoblin on level 2 of the Dungeon)

   It inflicts extra damage upon your enemies.
   Str:       It affects your strength (+4).
   Will:      It increases your willpower.
Magical Staves
 y - a staff of fire
Jewellery
 l - a ring of positive energy (left front leg)
 s - a +6 ring of dexterity (right front leg)
 u - a +6 ring of dexterity (on tentacle)
 v - a ring of resist corrosion (on tentacle)
Wands
 r - a wand of charming (8)
Scrolls
 b - 2 scrolls of immolation {unknown}
 c - 2 scrolls of identify {unknown}
 e - a scroll of silence {unknown}
 f - 2 scrolls of fog {unknown}
 h - 4 scrolls of blinking {unknown}
 k - a scroll of vulnerability {unknown}
 n - 2 scrolls of teleportation {unknown}
 t - a scroll of torment {unknown}
 w - a scroll of magic mapping {unknown}
 x - a scroll of enchant weapon {unknown}
Potions
 a - 2 potions of lignification
 d - a potion of brilliance {unknown}
 i - 3 potions of flight {unknown}
 j - 4 potions of curing {unknown}
 m - a potion of heal wounds {unknown}
 o - a potion of ambrosia {unknown}
 p - 4 potions of mutation {unknown}
 q - a potion of degeneration {unknown}
 z - a potion of haste {@q4}


   Skills:
 - Level 1.0 Fighting
 - Level 2.0 Dodging
 - Level 2.4 Stealth
 - Level 6.2 Unarmed Combat
 - Level 2.0 Spellcasting
 + Level 3.1 Summonings
 - Level 3.1 Transmutations


You had 4 spell levels left.
You knew the following spells:

 Your Spells              Type           Power      Damage    Failure   Level
a - Beastly Appendage     Tmut           26%        N/A       14%         1
b - Wereblood             Tmut           13%        N/A       21%         2
c - Spider Form           Tmut/Pois      7%         N/A       50%         3

Your spell library contained the following spells:

 Spells                   Type           Power      Damage    Failure   Level
 Summon Small Mammal      Summ           52%        N/A       14%         1
 Call Canine Familiar     Summ           13%        N/A       34%         3
 Sublimation of Blood     Necr           1%         N/A       47%         2
 Summon Guardian Golem    Hex/Summ       7%         N/A       50%         3
 Ice Form                 Ice/Tmut       7%         N/A       85%         4
 Animate Dead             Necr           1%         N/A       96%         4
 Haunt                    Necr/Summ      3%         N/A       100%        7
 Summon Hydra             Summ           6%         N/A       100%        7
 Infestation              Necr           0%         N/A       100%        8


Dungeon Overview and Level Annotations

Branches:
Dungeon (5/15)             Temple (1/1) D:5

Altars:
Cheibriados
Dithmenos
Elyvilon
Gozag
Kikubaaqudgha
Nemelex Xobeh
Qazlal
Ru
Uskayaw
Wu Jian
Xom
Zin
The Shining One

Shops:
D:3 (   D:4 (:


Innate Abilities, Weirdness & Mutations

You are a venomous arachnid creature.
You have poisonous fangs.
You are tiny and dextrous.
Your spellcasting is less reliable in this form.
Your armour is entirely melded.
You are incapable of wielding weapons or throwing items.
You cannot wear most types of armour.
((You are amphibious.))
You can wear up to eight rings at the same time.
((Your skin changes colour to match your surroundings (Stealth+).))
((Your rubbery body absorbs attacks. (AC +1, EV +1)))
((You are camouflaged when in or above water. (Stealth+)))
((You have tentacles for arms and can constrict up to eight enemies at once.))


Message History

You hit the orc priest but do no damage.
The orc priest looks as sick as possible!
Your transformation is almost over.
The iguana misses you.
The orc priest invokes the aid of Beogh against you.
Beogh smites you!
You hear a shout!
You hit the orc priest but do no damage.
The iguana barely misses you.
The orc priest hits you with a +0 hand axe.
The scorpion stings you.
You are lethally poisoned!
The scorpion poisons you!
You bite the orc priest!
You kill the orc priest!
Dithmenos accepts your kill.
* * * LOW HITPOINT WARNING * * *
You feel very sick. The iguana barely misses you.
The scorpion completely misses you.
You hit the scorpion.
The scorpion is poisoned.
* * * LOW HITPOINT WARNING * * *
You feel very sick. The iguana completely misses you.
The scorpion barely misses you.
You hit the scorpion.
The scorpion looks as sick as possible!
* * * LOW HITPOINT WARNING * * *
You feel sick. The iguana completely misses you.
You barely miss the scorpion.
* * * LOW HITPOINT WARNING * * *
You feel sick.
The scorpion barely misses you. x2; The orc closely misses you.
The iguana misses you.
Your magical contamination has completely faded away.
You completely miss the scorpion.
* * * LOW HITPOINT WARNING * * *
You feel sick.
You kill the scorpion!
Dithmenos accepts your kill.
Your Summonings skill increases to level 3!
You have reached level 7!
You hit the iguana.
The iguana is poisoned.
You die...

###...# #......## #
#...# #....... # #
#...# #.....# .###
#...# #.....######...
##...# #.....##...... #
#....# #......#....# ..
#....###......#....#.##
#####........o#)......#
######.#######..s....#
.......# #.#l†...#
######## #.#.....#
#.#.....# #.#.....#
#.#.....# #.#.....#
#...###.# #.# .#


You could see an iguana (very poisoned) and an orc.

Vanquished Creatures
  A phantom (D:5)
  2 scorpions (D:5)
  An orc priest (D:5)
  Natasha (thrice) (D:2)
  3 orc wizards (D:3)
  A gnoll (D:1)
  4 adders
  3 worms
  5 dart slugs
  6 orcs
  4 ball pythons
  5 bats
  2 endoplasms
  8 giant cockroaches
  A goblin (D:4)
  7 hobgoblins
  4 kobolds
  A frilled lizard (D:1)
  6 rats
67 creatures vanquished.

Vanquished Creatures (others)
  8 plants
8 creatures vanquished.

Grand Total: 75 creatures vanquished

Notes
Turn   | Place    | Note
-------+----------+-------------------------------------------
     0 | D:1      | Colgate the Octopode Transmuter began the quest for the
                  | Orb.
     0 | D:1      | Reached XP level 1. HP: 13/13 MP: 3/3
   152 | D:1      | Reached skill level 1 in Stealth
   189 | D:1      | Reached XP level 2. HP: 16/18 MP: 1/5
   195 | D:1      | Learned a level 2 spell: Wereblood
   394 | D:1      | Reached XP level 3. HP: 9/23 MP: 4/6
   405 | D:1      | Found a faded altar of an unknown god.
   408 | D:1      | Prayed at the altar of an unknown god.
   408 | D:1      | Became a worshipper of Dithmenos the Shadowed
   408 | D:1      | Reached * piety under Dithmenos
   743 | D:1      | Learned a level 3 spell: Spider Form
  1344 | D:2      | Reached skill level 4 in Unarmed Combat
  1552 | D:2      | Noticed Natasha
  1622 | D:2      | Killed Natasha
  1623 | D:2      | Reached XP level 4. HP: 22/28 MP: 3/7
  1625 | D:2      | Noticed Natasha
  1634 | D:2      | Killed Natasha
  1687 | D:2      | Identified the +9 mace "Tedaan" {vorpal, Will+ Str+4}
  1748 | D:2      | Noticed Natasha
  1757 | D:2      | Killed Natasha
  1758 | D:2      | Reached skill level 5 in Unarmed Combat
  1758 | D:2      | Reached XP level 5. HP: 14/33 MP: 1/8
  2644 | D:3      | Found Reusch's Antique Weapon Emporium.
  2716 | D:3      | Found a stormy altar of Qazlal.
  3589 | D:3      | Reached XP level 6. HP: 27/38 MP: 5/9
  3875 | D:3      | Found an ornate altar of the Wu Jian Council.
  4014 | D:4      | Found Fiapost's Antique Weapon Emporium.
  4505 | D:4      | Found Ymy Omism's Book Boutique.
  4972 | D:4      | Found a glowing golden altar of the Shining One.
  5321 | D:4      | Found a hide-covered altar of Uskayaw.
  5743 | D:5      | Entered Level 5 of the Dungeon
  5789 | D:5      | Reached skill level 6 in Unarmed Combat
  6001 | D:5      | Found a staircase to the Ecumenical Temple.
  6010 | Temple   | Entered the Ecumenical Temple
  6137 | D:5      | HP: 1/38 [poisoned by a scorpion]
  6138 | D:5      | Reached XP level 7. HP: 1/43 MP: 5/10
  6138 | D:5      | Succumbed to a scorpion's poison

Illustrated notes

Levels and vault maps discovered:
D:1:      minmay_arrival_pointy, layout_rooms,
          hellmonk_ecumenical_altar_inner_sanctum, kennysheep_small_spiral,
          serial_bayou_ford_a
D:2:      layout_basic, uniq_natasha
D:3:      layout_loops_cross, general_overflow_altar,
          mainiacjoe_overflow_24_doors, serial_shops,
          nicolae_shop_hallway_stairs
D:4:      layout_basic, tso_altar, nicolae_uskayaw_suspiria, serial_shops,
          shop_fountains, nicolae_inconvenience_store, chequers_big_river
D:5:      layout_basic, temple_doors_cd, serial_shops, nicolae_shop_crystal,
          nicolae_stop_n_shop_1, nicolae_shop_competitors_out_of_business, shop,
          shop, cheibrodos_gnoll_hut
Temple:   dpeg_three_leaves_temple

Skill      XL: |  1  2  3  4  5  6 |
---------------+-------------------+-----
Stealth        | 2 |  2.4
Unarmed Combat | 4 5 6 |  6.2
Transmutations | 3 |  3.1
Summonings     | 3 |  3.1
Fighting       | |  1.0
Dodging        | |  2.0
Spellcasting   | |  2.0

Action                   |  1- 3 |  4- 6 |  7- 9 || total
-------------------------+-------+-------+-------++-------
Melee: Unarmed           |    65 |   106 |     1 ||   172
       Constrict         |    13 |     2 |       ||    15
       Kick              |    10 |       |       ||    10
       Tentacles         |     8 |     1 |       ||     9
 Cast: Beastly Appendage |    12 |       |       ||    12
       Wereblood         |     2 |     4 |       ||     6
       Spider Form       |     7 |    38 |       ||    45
 Stab: Sleeping          |     7 |     9 |       ||    16
Armor: Skin              |     7 |     8 |       ||    15
Dodge: Dodged            |    39 |    74 |       ||   113

Table legend: (Time is in decaauts)
 A = Elapsed time spent in this place.
 B = Non-inter-level travel time spent in this place.
 C = Inter-level travel time spent in this place.
 D = Time resting spent in this place.
 E = Time spent auto-exploring this place.
 F = Levels seen in this place.
 G = Mean time per level.
                   A        B        C        D        E       F      G
               +--------+--------+--------+--------+--------+-----+--------+
         Total |   6146 |   5931 |    215 |    503 |   4609 |   6 | 1024.3 |
       Dungeon |   6065 |   5865 |    200 |    503 |   4551 |   5 | 1213.0 |
        Temple |     80 |     65 |     15 |      0 |     58 |   1 |   80.0 |
               +--------+--------+--------+--------+--------+-----+--------+

Top non-repeatable levels by time:
     D:3: 1682 daAuts
     D:4: 1525 daAuts
     D:2: 1467 daAuts
     D:1: 1078 daAuts
     D:5: 311 daAuts
  Temple: 80 daAuts
